 Dungeon Crawl Stone Soup version 0.26-a0-812-g31a745ddcd (webtiles) character file.

Game seed: 13187908955185525424

95 Dracia the Poker (level 4, -1/35 HPs)
             Began as a Merfolk Fighter on Dec 10, 2020.
             Slain by an orc wizard
             ... wielding a +1 dagger of venom
              (3 damage)
             ... on level 4 of the Dungeon.
             The game lasted 00:01:21 (917 turns).

Dracia the Poker (Merfolk Fighter)                   Turns: 917, Time: 00:01:22

Health: -1/35      AC:  6    Str: 16    XL:     4   Next: 65%
Magic:  4/4        EV:  6    Int:  8    God:
Gold:   85         SH:  9    Dex: 13    Spells: 3/3 levels left

rFire    x . .     SeeInvis .   a - +0 trident
rCold    + . .     Faith    .   c - +0 kite shield
rNeg     . . .     Spirit   .   b - +0 scale mail
rPois    .         Reflect  .   (no helmet)
rElec    .         Harm     .   (no cloak)
rCorr    .         Rampage  .   (no gloves)
MR       .....                  (no boots)
Stlth    ..........             (no amulet)
HPRegen  0.11/turn              C - ring of ice
MPRegen  0.09/turn              (no ring)

@: lethally poisoned (-1 -> -37)
A: change form in water, swift swim, stealthy swim
a: no special abilities


You were on level 4 of the Dungeon.
You visited 1 branch of the dungeon, and saw 3 of its levels.

You collected 85 gold pieces.


   Skills:
 - Level 3.2 Fighting
 + Level 6.9 Polearms
 - Level 2.1 Armour
 - Level 3.0 Shields


You had 3 spell levels left.
You didn't know any spells.
Your spell library was empty.

Inventory:

Hand Weapons
 a - a +0 trident (weapon)
Armour
 b - a +0 scale mail (worn)
 c - a +0 kite shield (worn)
Jewellery
 C - a ring of ice (left hand)
Scrolls
 i - a scroll of magic mapping {unknown}
 j - a scroll of remove curse {unknown}
 k - a scroll of random uselessness {unknown}
Potions
 d - 2 potions of might
 e - a potion of resistance {unknown}
 f - a potion of brilliance {unknown}
 g - 2 potions of degeneration {unknown}
 h - a potion of haste {unknown}

Dungeon Overview and Level Annotations

Branches:
Dungeon (2/15)

Altars:

....##... .. #...#...
... ####.<..... ...
........# ... #..#...##
...########.....†..###.#
#..............{##.....#
#...#...........@......#
#.....(.....<).##......#
#..............# ##.....
..##...........# .... #
#...........# ##.
####...........#
...#.........###
.............##
####..........#


There were no monsters in sight!


Message History

You're too confused to move!
Something hits you.
You are poisoned.
You barely miss something.
You feel sick. Something hits you.
You are more poisoned.
You hit something.
You feel sick. Something hits you.
You are more poisoned.
You bump into the rock wall.
You feel sick.
You hear some strange, mumbled words.
A puff of flame appears from out of thin air!
The puff of flame hits you! The fire burns you terribly!
* * * LOW HITPOINT WARNING * * *
You feel less confused.
* * * LOW HITPOINT WARNING * * *
You feel sick. Something hits you.
* * * LOW HITPOINT WARNING * * *
You are more poisoned.
You hit something.
* * * LOW HITPOINT WARNING * * *
You feel sick. Something hits you but does no damage.
You are more poisoned.
You closely miss something.
* * * LOW HITPOINT WARNING * * *
You feel sick. Something hits you but does no damage.
You are more poisoned.
You barely miss something.
* * * LOW HITPOINT WARNING * * *
You feel very sick. Something hits you.
You die...

Skill      XL: |  1  2  3 |
---------------+----------+-----
Polearms       | 4 5 6 |  6.9
Fighting       | |  3.2
Armour         | |  2.1
Shields        | |  3.0

Action                   |  1- 3 |  4- 6 || total
-------------------------+-------+-------++-------
Melee: Trident           |    80 |    19 ||    99
Armor: Scale mail        |    30 |     2 ||    32
Dodge: Dodged            |    21 |     2 ||    23
Block: Kite shield       |    31 |     6 ||    37

Levels and vault maps discovered:
D:1:      minmay_arrival_cross, layout_loops_ring, minmay_3d_cube
D:2:      layout_basic, chequers_ecumenical_altar_lobes, minmay_misc_feat_x,
          fedhas_altar_3, uniq_jessica, uniq_terence
D:4:      layout_rooms

Notes
Turn   | Place    | Note
-------+----------+-------------------------------------------
     0 | D:1      | Dracia the Merfolk Fighter began the quest for the Orb.
     0 | D:1      | Reached XP level 1. HP: 18/18 MP: 1/1
   238 | D:1      | Reached skill level 4 in Polearms
   238 | D:1      | Reached XP level 2. HP: 24/24 MP: 2/2
   704 | D:2      | Noticed Jessica
   716 | D:2      | Killed Jessica
   716 | D:2      | Reached skill level 5 in Polearms
   716 | D:2      | Reached XP level 3. HP: 28/29 MP: 3/3
   735 | D:2      | Reached skill level 6 in Polearms
   770 | D:2      | Reached XP level 4. HP: 35/35 MP: 4/4
   856 | D:2      | You fall into a shaft and drop 2 floors!
   917 | D:4      | HP: 2/35 [poisoned by an orc wizard]
   917 | D:4      | Slain by an orc wizard

Vanquished Creatures
  An orc wizard (D:4)
  Jessica (D:2)
  An ooze (D:1)
  An adder skeleton (D:4)
  A worm (D:2)
  A dart slug (D:1)
  An orc (D:4)
  4 bats
  2 giant cockroaches (D:2)
  5 goblins
  A hobgoblin (D:2)
  3 kobolds
  3 frilled lizards (D:1)
  2 rats (D:1)
27 creatures vanquished.

Vanquished Creatures (others)
  2 fungi (D:2)
  A plant (D:2)
3 creatures vanquished.

Grand Total: 30 creatures vanquished

Table legend: (Time is in decaauts)
 A = Elapsed time spent in this place.
 B = Non-inter-level travel time spent in this place.
 C = Inter-level travel time spent in this place.
 D = Time resting spent in this place.
 E = Time spent auto-exploring this place.
 F = Levels seen in this place.
 G = Mean time per level.
                   A        B        C        D        E       F      G
               +--------+--------+--------+--------+--------+-----+--------+
         Total |    929 |    912 |     17 |      0 |    716 |   3 |  309.7 |
       Dungeon |    929 |    912 |     17 |      0 |    716 |   3 |  309.7 |
               +--------+--------+--------+--------+--------+-----+--------+

Top non-repeatable levels by time:
     D:1: 706 daAuts
     D:2: 162 daAuts
     D:4: 60 daAuts

Table legend:
 A = Non-vault XP
 B = Vault XP
 C = Vault XP percentage of total XP
 D = Non-vault monster count
 E = Vault monster count
 F = Vault count percentage of total count
                 A         B        C        D         E       F
            +---------+---------+-------+---------+---------+-------
      Total |      95 |      41 |  30.1 |      24 |       3 |  11.1
            +---------+---------+-------+---------+---------+-------
        D:1 |      25 |       4 |  13.8 |      12 |       2 |  14.3
        D:2 |      20 |      37 |  64.9 |       9 |       1 |  10.0
        D:4 |      50 |       0 |   0.0 |       3 |       0 |   0.0
            +---------+---------+-------+---------+---------+-------
